 Dungeon Crawl Stone Soup version 0.32-a0-871-ge202e49faa (webtiles) character file.

Game seed: 3931763336558321750

577 Shayle the Apothecary (level 7, -1/46 HPs)
             Began as a Coglin Alchemist on Mar 29, 2024.
             Was an Initiate of Beogh.
             Slain by Duvessa
             ... wielding a +0 short sword
              (6 damage)
             ... on level 5 of the Dungeon.
             The game lasted 00:10:34 (4014 turns).

Shayle the Apothecary (Coglin Alchemist)            Turns: 4014, Time: 00:10:35

Health: -1/46      AC:  3    Str:  8    XL:     7   Next: 35%
Magic:  13/13      EV: 11    Int: 17    God:    Beogh [......]
Gold:   255        SH:  0    Dex: 14    Spells: 10/14 levels left

rFire   . . .        h - +2 trident (flame) {Hisae}
rCold   . . .        f - +1 dagger (venom) {Anan}
rNeg    . . .        a - +0 robe
rPois   .            o - +0 helmet
rElec   .            (no cloak)
rCorr   .            (no gloves)
SInv    .            (no boots)
Will    .....        (amulet unavailable)
Stlth   +            (ring unavailable)
HPRegen 0.27/turn    (ring unavailable)
MPRegen 0.13/turn    (no gizmo)

%: no passive effects
@: confused, ambrosia-drunk
A: off-hand wielding, slow wielding, warmup strikes, no jewellery
a: Invent Gizmo, Renounce Religion


You were on level 5 of the Dungeon.
You worshipped Beogh.
Beogh was noncommittal.
You visited 1 branch of the dungeon, and saw 5 of its levels.

You collected 255 gold pieces.

Inventory:

Hand Weapons
 f - a +1 dagger of venom (offhand) {Anan}
 h - a +2 trident of flaming (weapon) {Hisae}
 q - a +0 long sword of protection
 r - a +1 spectral club
 u - a +0 sling
 v - a +2 heavy war axe
Armour
 a - a +0 robe (worn)
 n - a +2 ring mail of cold resistance
 o - a +0 helmet (worn)
Scrolls
 c - a scroll of fear {unknown}
 d - a scroll of enchant armour {unknown}
 e - a scroll of blinking {unknown}
 g - a scroll of noise {unknown}
 i - a scroll of poison {unknown}
 j - 3 scrolls of immolation {unknown}
 l - a scroll of amnesia {unknown}
 p - 4 scrolls of identify {unknown}
Potions
 b - 2 potions of magic
 k - a potion of ambrosia
 m - a potion of mutation {unknown}
 s - a potion of curing {unknown}
 t - a potion of lignification {unknown}


   Skills:
 - Level 1.7 Dodging
 - Level 1.5 Stealth
 + Level 4.0 Spellcasting
 + Level 4.0 Conjurations
 + Level 5.8 Alchemy


You had 10 spell levels left.
You knew the following spells:

 Your Spells              Type           Power      Damage    Failure   Level
a - Sting                 Conj/Alch      80%        1d8       1%          1
b - Mephitic Cloud        Conj/Alch/Air  14%        N/A       12%         3

Your spell library contained the following spells:

 Spells                   Type           Power      Damage    Failure   Level
 Mercury Vapours          Alch/Air       26%        N/A       7%          2
 Olgreb's Toxic Radiance  Alch           23%        N/A       14%         4
 Frozen Ramparts          Ice            6%         1d1       43%         3
 Ozocubu's Armour         Ice            3%         N/A       43%         3
 Sticky Flame             Fire/Alch      13%        2d5       43%         4
 Brom's Barrelling Bould  Conj/Erth      10%        2d3       56%         4
 Iskenderun's Battlesphe  Conj           17%        2d7       63%         5
 Fireball                 Conj/Fire      5%         3d5       88%         5
 Metabolic Englaciation   Hex/Ice        1%         N/A       99%         5
 Conjure Ball Lightning   Conj/Air       5%         3x3d6     100%        6
 Sculpt Simulacrum        Ice/Alch       6%         N/A       100%        6
 Orb of Destruction       Conj           8%         9d6       100%        7
 Ozocubu's Refrigeration  Ice            1%         4d7       100%        7
 Polar Vortex             Ice            1%         N/A       100%        9


Dungeon Overview and Level Annotations

Branches:
Dungeon (5/15)
 Temple: D:4-7

Altars:
Yredelemnul

Annotations:
D:5 Dowan, Duvessa, Pikel


Innate Abilities, Weirdness & Mutations

You can wield a second weapon in your off-hand.
It takes a long time for you to wield or remove held weapons.
Your first few attacks do less damage.
You cannot equip rings or amulets.


Message History

HP restored.
Things that are here:
a +0 club; an orc corpse Duvessa and Dowan come into view.
Duvessa is wielding a +0 short sword and wearing a +2 leather armour of cold resistance.
Duvessa shouts!
You hear a shout! x2
Pikel, Merchant of Souls comes into view.
He is wielding a +2 whip of freezing.
Dowan gestures at Duvessa while chanting.
Duvessa seems to speed up.
You hear a shout!
Duvessa attacks as she pursues you! Duvessa hits you with a +0 short sword!
Duvessa barely misses you.
You barely miss Duvessa with your +1 dagger of venom.
You puncture Duvessa with your +2 trident of flaming!
You burn Duvessa. Duvessa hits you with a +0 short sword.
Duvessa barely misses you.
You hit Duvessa with your +2 trident of flaming.
You burn Duvessa.
Duvessa is heavily wounded.
You hit Duvessa with your +1 dagger of venom.
Duvessa is poisoned.
Duvessa says, "When magic and the sword combine, nothing stands against them."
Duvessa hits you with a +0 short sword.
Found a scroll labelled EJIASO TEINEMO.
Duvessa hits you with a +0 short sword. Duvessa attacks as she pursues you!
Duvessa completely misses you. Duvessa hits you with a +0 short sword.
Duvessa attacks as she pursues you! Duvessa hits you with a +0 short sword.
You barely miss Duvessa with your +1 dagger of venom.
Duvessa is almost dead.
You completely miss Duvessa with your +2 trident of flaming.
Duvessa hits you with a +0 short sword!
Unknown command.
Duvessa attacks as she pursues you! Duvessa hits you with a +0 short sword.
* * * LOW HITPOINT WARNING * * *
Duvessa hits you with a +0 short sword!
* * * LOW HITPOINT WARNING * * *
It was a potion of ambrosia.
You are confused.
You feel invigorated. Duvessa hits you with a +0 short sword.
You die...

#..# #..#
#..#
###..#
###.e..#
##......#
##...#####
##e.###
#.@.#
#?..^.#
#...#...#
#..###....
#..#
#..... #..
...## #.
..## #. .#


You could see Duvessa (fast, very poisoned) and Dowan.

Vanquished Creatures
  Grinder (D:3)
  2 scorpions (D:4)
  Jessica (D:2)
  Terence (D:2)
  An iguana (D:4)
  An orc wizard (D:3)
  Robin (D:2)
  5 adders
  2 dart slugs
  12 orcs
  7 endoplasms
  2 giant cockroaches
  13 goblins
  4 hobgoblins
  7 jackals
  2 quokkas (D:3)
  10 ball pythons
  3 bats
  4 frilled lizards
  3 kobolds
  6 rats
88 creatures vanquished.

Notes
Turn   | Place    | Note
-------+----------+-------------------------------------------
     0 | D:1      | Shayle the Coglin Alchemist began the quest for the Orb.
     0 | D:1      | Reached XP level 1. HP: 13/13 MP: 3/3
    63 | D:1      | Reached skill level 1 in Conjurations
   170 | D:1      | Found a faded altar of an unknown god.
   200 | D:1      | Reached XP level 2. HP: 10/19 MP: 0/4
   557 | D:1      | Reached XP level 3. HP: 18/24 MP: 6/6
   857 | D:2      | Noticed Robin
  1114 | D:2      | Noticed Terence
  1120 | D:2      | Learned a level 3 spell: Mephitic Cloud
  1123 | D:2      | Killed Terence
  1124 | D:2      | Reached skill level 4 in Alchemy
  1124 | D:2      | Reached XP level 4. HP: 30/30 MP: 3/7
  1230 | D:2      | Killed Robin
  1792 | D:2      | Noticed Jessica
  1797 | D:2      | Killed Jessica
  1798 | D:2      | Reached XP level 5. HP: 33/35 MP: 9/9
  2241 | D:3      | Noticed Grinder
  2266 | D:3      | Killed Grinder
  2267 | D:3      | Reached skill level 5 in Alchemy
  2267 | D:3      | Reached XP level 6. HP: 27/41 MP: 3/11
  2574 | D:3      | Found a basalt altar of Yredelemnul.
  2947 | D:4      | Became a worshipper of Beogh the Shepherd
  3143 | D:4      | Reached XP level 7. HP: 44/46 MP: 12/12
  3881 | D:5      | Entered Level 5 of the Dungeon
  3995 | D:5      | Noticed Duvessa
  3995 | D:5      | Noticed Dowan
  3995 | D:5      | Noticed Pikel
  4013 | D:5      | HP: 1/46 [Duvessa/+0 short sword (9)]
  4014 | D:5      | Slain by Duvessa

Illustrated notes

Levels and vault maps discovered:
D:1:      scummos_arrival_simple_fountains, layout_rooms,
          shapermc_ecumenical_altar_starsandcircs
D:2:      layout_loops_ring, uniq_robin, uniq_jessica, uniq_terence
D:3:      layout_loops_cross, old_standard_altar, uniq_grinder
D:4:      layout_basic
D:5:      layout_layer_cave, minmay_temple_entry_arrows, nicolae_sextant,
          uniq_duvessa, uniq_pikel

Skill      XL: |  1  2  3  4  5  6  7 |
---------------+----------------------+-----
Conjurations   | 1 2 3 4 |  4.0
Spellcasting   | 2 3 4 |  4.0
Alchemy        | 4 5 |  5.8
Dodging        | |  1.7
Stealth        | |  1.5

Action                     |  1- 3 |  4- 6 |  7- 9 || total
---------------------------+-------+-------+-------++-------
  Melee: Dagger            |   111 |    72 |    28 ||   211
         Short sword       |     3 |       |       ||     3
         Trident           |       |    77 |    29 ||   106
   Cast: Sting             |    20 |    14 |       ||    34
         Mephitic Cloud    |     1 |       |       ||     1
 Invoke: Convert to Beogh  |       |     1 |       ||     1
    Use: Potion            |     1 |     1 |     1 ||     3
   Stab: Sleeping          |     2 |     2 |     1 ||     5
         Confused          |     1 |       |       ||     1
 Armour: Robe              |    51 |    52 |    24 ||   127
  Dodge: Dodged            |    67 |    38 |    19 ||   124

Table legend: (Time is in decaauts)
 A = Elapsed time spent in this place.
 B = Non-inter-level travel time spent in this place.
 C = Inter-level travel time spent in this place.
 D = Time resting spent in this place.
 E = Time spent auto-exploring this place.
 F = Levels seen in this place.
 G = Mean time per level.
                   A        B        C        D        E       F      G
               +--------+--------+--------+--------+--------+-----+--------+
         Total |   4034 |   3947 |     87 |    509 |   2544 |   5 |  806.8 |
       Dungeon |   4034 |   3947 |     87 |    509 |   2544 |   5 |  806.8 |
               +--------+--------+--------+--------+--------+-----+--------+

Top non-repeatable levels by time:
     D:3: 1034 daAuts
     D:4: 1029 daAuts
     D:1: 1008 daAuts
     D:2: 870 daAuts
     D:5: 90 daAuts
